AoeStats
← Sasha_Kive

Lombardia

507817610Analyzed
4v4 RM · 13d ago on Sep 19, 2026· 42m 57s· 8 players
Game mode
Random Map
Map size
Large (8 player)
Population
200
Speed
Normal
Resources
Standard
Victory
Conquest
Starting age
Dark Age
Ending age
Imperial Age
RankedLock teamsTeams togetherTeam positionsShared explorationLock speedFull tech treeHidden civsTurbo modeCheats
Victory
Defeat
🇫🇷 Wu · France
1745
+8
🇫🇷 Romans · France
1580
+14
🇫🇷 Aztecs · France
1574
+15
🇫🇷 Muisca · France
1335
+24
🇺🇦 Tatars · Ukraine
1580
-17
🇺🇦 Turks · Ukraine
1563
-16
🇺🇸 Japanese · United States
1544
-15
🇨🇱 Poles · Chile
1494
-13
Buhr
9:14 Loom
12:13 Feudal Age
16:55 Castle Age
14:53 Double-Bit Axe
14:49 Horse Collar
15:30 Stone Mining
16:31 Gold Mining
18:01 Bow Saw
17:52 Heavy Plow
27:02 Fletching
27:47 Bodkin Arrow
29:18 Ballistics
29:26 Padded Archer Armor
30:01 Thumb Ring
31:21 Wheelbarrow
30:32 Town Watch
31:02 Husbandry
35:57 Imperial Age
34:53 Leather Archer Armor
34:54 Bloodlines
35:19 Gold Shaft Mining
34:32 Elite Skirmisher
36:44 Bracer
37:14 Ring Archer Armor
37:09 Conscription
38:44 Chemistry
38:24 Parthian Tactics
39:25 Guard Tower
40:47 Heavy Cavalry Archer
42:29 Keep
43:05 Kataparuto
Vanchella
7:29 Loom
11:04 Feudal Age
16:30 Castle Age
20:36 Double-Bit Axe
23:53 Bow Saw
31:53 Padded Archer Armor
35:25 Wheelbarrow
37:09 Leather Archer Armor
39:27 Imperial Age
38:10 Hand Cart
38:00 Fletching
39:24 Bodkin Arrow
ZZZzzzzz....
6:00 Loom
8:59 Feudal Age
9:33 Double-Bit Axe
16:00 Forging
20:03 Scale Barding Armor
25:12 Castle Age
23:38 Bloodlines
23:27 Horse Collar
25:16 Light Cavalry
26:17 Chain Barding Armor
26:38 Wheelbarrow
26:30 Husbandry
31:32 Gold Mining
31:32 Stone Mining
33:12 Iron Casting
39:47 Hand Cart
43:58 Imperial Age
42:10 Szlachta Privileges
42:39 Heavy Plow
Sasha_Kive
9:17 Loom
11:34 Feudal Age
13:11 Double-Bit Axe
16:21 Castle Age
14:23 Town Watch
14:45 Gold Mining
16:41 Fletching
16:42 Town Watch
17:32 Wheelbarrow
22:46 Horse Collar
25:15 Bow Saw
25:39 Bloodlines
26:03 Bodkin Arrow
26:27 Padded Archer Armor
28:54 Ballistics
34:52 Caravan
36:10 Hand Cart
36:53 Husbandry
40:14 Leather Archer Armor
Nux
10:16 Feudal Age
10:08 Loom
11:05 Loom
14:50 Castle Age
13:09 Double-Bit Axe
16:23 Bow Saw
16:24 Horse Collar
21:17 Heavy Plow
21:54 Wheelbarrow
22:05 Scale Mail Armor
22:04 Gold Mining
22:33 Squires
23:19 Eagle Warrior
24:15 Chain Mail Armor
24:11 Forging
23:56 Stone Mining
25:07 Hand Cart
26:45 Iron Casting
27:19 Gold Shaft Mining
32:39 Town Watch
36:29 Imperial Age
36:53 Fletching
37:26 Ballistics
37:45 Plate Mail Armor
38:16 Blast Furnace
36:43 Elite Eagle Warrior
38:02 Crop Rotation
37:34 Capped Ram
38:45 Treadmill Crane
40:07 Chemistry
39:37 Conscription
39:58 Garland Wars
39:18 Siege Ram
Taisst
6:23 Loom
6:32 Loom
9:29 Feudal Age
11:03 Double-Bit Axe
14:15 Fletching
17:20 Wheelbarrow
22:48 Castle Age
21:02 Gold Mining
21:11 Horse Collar
22:08 Padded Archer Armor
22:51 Crossbowman
23:27 Bodkin Arrow
24:15 Bow Saw
26:28 Ballistics
26:44 Thumb Ring
27:34 Leather Archer Armor
29:27 Hand Cart
32:32 Heavy Plow
35:52 Imperial Age
36:16 Gold Shaft Mining
36:36 Bracer
37:52 Chemistry
36:22 Arbalester
38:46 Two-Man Saw
38:16 Crop Rotation
38:16 Town Watch
39:19 Stone Mining
39:29 Capped Ram
40:46 Town Patrol
Balgrador
5:36 Loom
8:29 Feudal Age
9:12 Double-Bit Axe
17:16 Wheelbarrow
22:59 Castle Age
20:45 Horse Collar
21:54 Scale Barding Armor
21:59 Forging
22:01 Bloodlines
22:34 Gold Mining
24:12 Chain Barding Armor
25:05 Bow Saw
25:47 Husbandry
27:37 Iron Casting
30:24 Hand Cart
30:33 Heavy Plow
35:08 Town Watch
36:25 Gold Shaft Mining
41:18 Imperial Age
38:47 Town Watch
39:19 Man-at-Arms
39:59 Squires
40:01 Scale Mail Armor
41:37 Chain Mail Armor
41:10 Long Swordsman
43:11 Blast Furnace
41:49 Cavalier
42:07 Cavalier
42:27 Legionary
maxime_0012
8:56 Loom
11:45 Feudal Age
15:48 Castle Age
14:11 Double-Bit Axe
14:09 Horse Collar
17:14 Town Watch
23:00 Bow Saw
23:47 Gold Mining
24:54 Wheelbarrow
24:23 Heavy Plow
26:52 Hand Cart
30:47 Imperial Age
28:17 Fletching
28:29 Padded Archer Armor
29:12 Bodkin Arrow
29:44 Ballistics
30:21 Leather Archer Armor
30:10 Treadmill Crane
30:48 Masonry
30:32 Crossbowman
31:30 Bracer
32:35 Chemistry
31:09 Arbalester
33:43 Two-Man Saw
33:58 Gold Shaft Mining
33:18 Stone Mining
35:12 Conscription
36:29 Elite Skirmisher
40:20 Architecture
39:46 Murder Holes
Connection lost

Rejoining the realm…

Still unreachable

The connection could not be restored.

Session expired

The server has moved on; the page needs a fresh start.